 Dungeon Crawl Stone Soup version 0.31.0-32-g396128a36d (webtiles) character file.

Game seed: 8783707875953249377

1635 Alphaeus the Ruffian (level 8, -1/78 HPs)
             Began as a Troll Shapeshifter on Mar 18, 2024.
             Was an Initiate of Gozag.
             Slain by Duvessa
             ... wielding a +4 short sword of protection
              (8 damage)
             ... on level 7 of the Dungeon.
             The game lasted 00:04:33 (4764 turns).

Alphaeus the Ruffian (Troll Shapeshifter)           Turns: 4764, Time: 00:04:34

Health: -1/78      AC:  5    Str: 25    XL:     8   Next: 66%
Magic:  7/7        EV:  9    Int:  6    God:    Gozag
Gold:   498        SH:  0    Dex:  9    Spells: 7/7 levels left

rFire   . .          .
                       - Unarmed
rCold   . . .        (no shield)
rNeg    . . .        p - +0 troll leather armour {Pargi}
rPois   .            (helmet currently unavailable)
rElec   .            (cloak currently unavailable)
rCorr   .            (gloves unavailable)
SInv    .            (boots unavailable)
Will    .....        (no amulet)
Stlth   +            (no ring)
HPRegen 1.93/turn    (no ring)
MPRegen 0.10/turn

%: no passive effects
@: lethally poisoned (-1 -> -2), beast-form, gold aura
A: beast (slay +4), large, unfitting armour, claws 3, regeneration 1, shaggy fur
1, tough skin 1
a: Begin Untransformation, Renounce Religion, Potion Petition, Call Merchant,
Bribe Branch


You were on level 7 of the Dungeon.
You worshipped Gozag.
Gozag was aware of your devotion.
You were a hulking beast.
You visited 2 branches of the dungeon, and saw 8 of its levels.

You collected 580 gold pieces.
You spent 42 gold pieces at shops.
You paid 40 gold pieces to Gozag.

Inventory:

Armour
 a - a +0 animal skin
 p - a +0 troll leather armour (worn) {Pargi}
Jewellery
 l - a ring of flight
 t - an amulet of reflection
 C - a ring of protection from cold
 D - a ring of positive energy
Talismans
 c - a beast talisman
 d - a flux talisman
 H - a serpent talisman
Wands
 u - a wand of roots (3)
 z - a wand of flame (27)
Scrolls
 g - 2 scrolls of teleportation {unknown}
 h - 3 scrolls of immolation {unknown}
 i - 2 scrolls of revelation {unknown}
 k - a scroll of fog {unknown}
 n - 6 scrolls of identify {unknown}
 o - 2 scrolls of enchant weapon {unknown}
 q - 3 scrolls of blinking {unknown}
 r - 2 scrolls of enchant armour {unknown}
 s - a scroll of fear {unknown}
 w - a scroll of noise {unknown}
 y - 2 scrolls of poison {unknown}
 F - a scroll of silence {unknown}
Potions
 b - 3 potions of lignification
 e - 2 potions of heal wounds {unknown}
 f - 2 potions of curing
 j - 2 potions of haste {unknown}
 m - a potion of magic {unknown}
 v - a potion of ambrosia {unknown}
 x - 4 potions of brilliance {unknown}
 A - 2 potions of attraction {unknown}
 B - a potion of might {unknown}
 E - a potion of invisibility {unknown}
 G - a potion of resistance {unknown}


   Skills:
 + Level 4.0 Fighting
 - Level 1.5 Dodging
 * Level 7.6 Unarmed Combat
 * Level 7.0 Shapeshifting


You had 7 spell levels left.
You didn't know any spells.
Your spell library contained the following spells:

 Spells                   Type           Power      Damage    Failure   Level
 Magic Dart               Conj           0%         1d3       50%         1
 Blink                    Tloc           0%         N/A       65%         2
 Call Imp                 Summ           0%         N/A       65%         2
 Jinxbite                 Hex            0%         N/A       65%         2
 Lesser Beckoning         Tloc           0%         N/A       65%         2
 Fugue of the Fallen      Necr           0%         N/A       86%         3
 Gell's Gravitas          Tloc           0%         N/A       86%         3
 Ozocubu's Armour         Ice            0%         N/A       86%         3
 Teleport Other           Tloc           0%         N/A       86%         3
 Manifold Assault         Tloc           0%         N/A       99%         4
 Alistair's Intoxication  Alch           0%         N/A       100%        5
 Borgnjor's Vile Clutch   Necr/Erth      0%         N/A       100%        5
 Yara's Violent Unravell  Hex/Alch       0%         3d3       100%        5
 Eringya's Noxious Bog    Alch           0%         4d6       100%        6
 Enfeeble                 Hex            0%         N/A       100%        7


Dungeon Overview and Level Annotations

Branches:
Dungeon (7/15)             Temple (1/1) D:4

Altars:
Ashenzari
Cheibriados
Dithmenos
Elyvilon
Fedhas
Gozag
Hepliaklqana
Kikubaaqudgha
Makhleb
Nemelex Xobeh
Okawaru
Ru
Sif Muna
Trog
Uskayaw
Vehumet
Wu Jian
Xom
Yredelemnul
Zin
The Shining One

Shops:
D:1 (   D:2 *!(=:

Annotations:
D:7 Dowan, Duvessa


Innate Abilities, Weirdness & Mutations

You are a hulking beast.
Your limbs bulge with bestial killing power. (Slay +4)
You are too large for most types of armour.
You have claws for hands.
Your natural rate of healing is unusually fast.
You are covered in fur. (AC +1)
You have tough skin. (AC +1)


Message History

You are too injured to fight recklessly!
You are too injured to fight recklessly!
You are too injured to fight recklessly!
You are too injured to fight recklessly!
You are too injured to fight recklessly!
You are too injured to fight recklessly!
You are too injured to fight recklessly!
You are too injured to fight recklessly!
You are too injured to fight recklessly!
You are too injured to fight recklessly!
You are too injured to fight recklessly!
Okay, then.
You feel better. The killer bee stings you.
You are poisoned.
The killer bee poisons you! The killer bee closely misses you.
Duvessa barely misses you.
You hear some strange, mumbled words.
Something tries to affect you, but you resist.
The orc hits you but does no damage. Dowan misses you.
The killer bee stings you! The killer bee stings you.
* * * LOW HITPOINT WARNING * * *
You are more poisoned.
The killer bee poisons you!
You feel very sick. The killer bee barely misses you.
Duvessa hits you with a +4 short sword of protection.
* * * LOW HITPOINT WARNING * * *
The orc barely misses you. The killer bee stings you!
* * * LOW HITPOINT WARNING * * *
You are lethally poisoned!
The killer bee poisons you! The killer bee barely misses you.
You feel better.
The killer bee stings you but does no damage.
The killer bee stings you.
* * * LOW HITPOINT WARNING * * *
You are poisoned.
The killer bee poisons you!
Duvessa hits you with a +4 short sword of protection!
You die...
Your body crumbles into a pile of gold.

# #< .##.# ....# #...#
#...## . #....#..#
####y.....#
###.[hye...#
#########....oe....#
#...##.......{o.....#
#...................#
##...##########.......
#..## #....## #.##
...## #.# ..## # ##.#


You could see Duvessa, Dowan, 2 killer bees and 2 orcs.

Vanquished Creatures
  2 black bears (D:5)
  Pargi (D:3)
  A sky beast (D:7)
  2 centaurs (D:7)
  A phantom (D:4)
  2 kobold brigands (D:7)
  A scorpion (D:5)
  3 wights (D:7)
  A killer bee (D:7)
  A hound (D:5)
  2 jellies
  2 bombardier beetles (D:5)
  A gnoll bouda (D:7)
  2 orc priests (D:6)
  Natasha (thrice) (D:3)
  An iguana (D:5)
  An orc wizard (D:6)
  Ijyb (D:3)
  8 gnolls
  6 adders
  A shadow imp (D:5)
  3 white imps
  3 ribbon worms
  2 dart slugs
  5 orcs
  9 ball pythons
  5 endoplasms
  3 giant cockroaches
  10 goblins
  5 hobgoblins
  7 jackals
  7 kobolds
  4 quokkas
  3 bats
  A frilled lizard (D:2)
  4 rats
114 creatures vanquished.

Notes
Turn   | Place    | Note
-------+----------+-------------------------------------------
     0 | D:1      | Alphaeus the Troll Shapeshifter began the quest for the
                  | Orb.
     0 | D:1      | Reached XP level 1. HP: 18/18 MP: 0/0
    92 | D:1      | Found Eneyxkie's Weapon Emporium.
    95 | D:1      | Reached skill level 1 in Fighting
    98 | D:1      | Reached XP level 2. HP: 27/27 MP: 1/1
   776 | D:2      | Found Zipliete's Jewellery Boutique.
   809 | D:2      | Found an iron altar of Okawaru.
   830 | D:2      | Found Berimani's General Store.
   884 | D:2      | Reached XP level 3. HP: 16/33 MP: 2/2
   904 | D:2      | Found Iniyfe Kaci's Book Emporium.
  1039 | D:2      | Identified the +3 hand axe "Pussyu" {holy, rPois MP-9
                  | Dex+4}
  1156 | D:2      | Found Piysess's Weapon Emporium.
  1193 | D:2      | Found Naffow's Distillery.
  1203 | D:2      | Bought a potion of curing for 42 gold pieces
  1586 | D:3      | Noticed Natasha
  1592 | D:3      | Killed Natasha
  1593 | D:3      | Reached XP level 4. HP: 39/41 MP: 3/3
  1643 | D:3      | Found a shimmering altar of Xom.
  1655 | D:3      | Noticed Pargi
  1665 | D:3      | Killed Pargi
  1666 | D:3      | Reached XP level 5. HP: 38/49 MP: 4/4
  1996 | D:3      | Noticed Natasha
  2011 | D:3      | Killed Natasha
  2163 | D:3      | Noticed Natasha
  2166 | D:3      | Killed Natasha
  2240 | D:3      | Noticed Ijyb
  2246 | D:3      | Killed Ijyb
  2247 | D:3      | Reached XP level 6. HP: 57/57 MP: 5/5
  2514 | D:4      | Found a staircase to the Ecumenical Temple.
  2533 | D:4      | Reached skill level 5 in Unarmed Combat
  2536 | Temple   | Entered the Ecumenical Temple
  2558 | Temple   | Became a worshipper of Gozag Ym Sagoz the Greedy
  2672 | D:4      | Reached skill level 5 in Shapeshifting
  2784 | D:5      | Entered Level 5 of the Dungeon
  2934 | D:5      | Reached XP level 7. HP: 55/66 MP: 6/6
  3829 | D:6      | Found a blossoming altar of Fedhas.
  4339 | D:7      | Reached XP level 8. HP: 68/75 MP: 7/7
  4493 | D:7      | Identified the +1 scale mail "Oruule Fonna" {Fly rElec
                  | Will- rCorr}
  4753 | D:7      | Noticed Duvessa
  4753 | D:7      | Noticed Dowan
  4764 | D:7      | Slain by Duvessa

Illustrated notes

Levels and vault maps discovered:
D:1:      psy_arrival_radial01, layout_loops_ring, serial_shops, shop,
          st_stairs_13, minmay_tromino_v7
D:2:      layout_basic, basic_altar, serial_shops, nicolae_shop_crystal,
          nicolae_shop_competitors_out_of_business, shop, shop, shop
D:3:      kennysheep_goblin_castle, layout_loops_ring, xom_butterflies,
          minmay_crystal_water, chequers_serial_rivers_room_a, minivault_26,
          uniq_pargi, uniq_natasha
D:4:      layout_basic, minmay_temple_entry_antechambers, st_stairs_5
D:5:      layout_basic
D:6:      layout_loops_cross, lemuel_tele_altar
D:7:      layout_layer_cave, uniq_duvessa
Temple:   hellmonk_temple_of_storms

Skill      XL: |  1  2  3  4  5  6  7  8 |
---------------+-------------------------+-----
Fighting       | 1 2 3 4 |  4.0
Unarmed Combat | 4 5 6 7 |  7.6
Shapeshifting  | 4 5 6 7 |  7.0
Dodging        | |  1.5

Action                     |  1- 3 |  4- 6 |  7- 9 || total
---------------------------+-------+-------+-------++-------
  Melee: Unarmed           |    67 |   120 |   112 ||   299
         Punch             |     2 |     3 |     6 ||    11
    Use: Potion            |       |       |     2 ||     2
   Stab: Sleeping          |     3 |     1 |       ||     4
 Armour: Animal skin       |    29 |     9 |       ||    38
         Troll leather arm |       |    88 |    87 ||   175
  Dodge: Dodged            |    36 |    58 |    62 ||   156
